 Dungeon Crawl Stone Soup version 0.28-a0-802-g09f76e8c00 (webtiles) character file.

Game seed: 9273457987026868395

18 pokeman the Magician (level 2, 0/16 HPs)
             Began as a Deep Elf Hedge Wizard on Nov 6, 2021.
             Slain by a ball python (1 damage)
             ... on level 2 of the Dungeon.
             The game lasted 00:02:43 (1450 turns).

pokeman the Magician (Deep Elf Hedge Wizard)        Turns: 1450, Time: 00:02:43

Health: 0/16       AC:  3    Str:  7    XL:     2   Next: 51%
Magic:  0/9        EV:  9    Int: 18    God:
Gold:   47         SH:  0    Dex: 14    Spells: 9/10 levels left

rFire   . . .      SeeInvis .   a - +0 dagger
rCold   . . .      Faith    .   (no shield)
rNeg    . . .      Spirit   .   b - +0 robe
rPois   .          Reflect  .   c - +0 hat
rElec   .          Harm     .   (no cloak)
rCorr   .          Rampage  .   h - +0 pair of gloves
Will    .....                   (no boots)
Stlth   ++........              (no amulet)
HPRegen 0.05/turn               (no ring)
MPRegen 0.11/turn               (no ring)

@: constricted
A: no striking features
a: no special abilities


You were on level 2 of the Dungeon.
You visited 1 branch of the dungeon, and saw 2 of its levels.

You collected 47 gold pieces.

Inventory:

Hand Weapons
 a - a +0 dagger (weapon)
Missiles
 i - 12 bolts
Armour
 b - a +0 robe (worn)
 c - a +0 hat (worn)
 h - a +0 pair of gloves (worn)
Jewellery
 j - a +6 ring of strength
Scrolls
 d - a scroll of enchant weapon {unknown}
 g - a scroll of identify {unknown}
Potions
 e - a potion of curing {unknown}
 f - 2 potions of lignification {unknown}


   Skills:
 + Level 0.5 Fighting
 + Level 0.5 Armour
 - Level 2.4 Dodging
 - Level 2.4 Stealth
 * Level 4.9 Spellcasting
 + Level 1.5 Conjurations
 - Level 1.1 Summonings
 - Level 1.1 Translocations


You had 9 spell levels left.
You knew the following spells:

 Your Spells              Type           Power      Damage    Failure   Level
a - Magic Dart            Conj           40%        1d5       7%          1

Your spell library contained the following spells:

 Spells                   Type           Power      Damage    Failure   Level
 Blink                    Tloc           16%        N/A       13%         2
 Call Imp                 Summ           8%         N/A       13%         2
 Slow                     Hex            16%        N/A       14%         1
 Conjure Flame            Conj/Fire      7%         6-21      28%         3
 Mephitic Cloud           Conj/Pois/Air  6%         N/A       32%         3


Dungeon Overview and Level Annotations

Branches:
Dungeon (2/15)

Altars:

Shops:
D:1 (


Message History

You kill the jackal!
The jackal bites you.
* * * LOW HITPOINT WARNING * * *
Casting: Magic Dart (safe; 7% risk of failure)
Confirm with . or Enter, or press ? or * to list all spells.
Aiming: Magic Dart (safe; 7% risk of failure)
Press: ? - help, Shift-Dir - straight line, f - jackal
Aim: a jackal (100% to hit)
The magic dart hits the jackal but does no damage.
The jackal bites you but does no damage.
Casting: Magic Dart (safe; 7% risk of failure)
Confirm with . or Enter, or press ? or * to list all spells.
Aiming: Magic Dart (safe; 7% risk of failure)
Press: ? - help, Shift-Dir - straight line, f/p - jackal
Aim: a jackal (100% to hit)
The magic dart hits the jackal.
The jackal is moderately wounded.
The jackal misses you.
The jackal bites you but does no damage.
You hit the jackal but do no damage.
The jackal is moderately wounded.
The jackal bites you.
* * * LOW HITPOINT WARNING * * *
Casting: Magic Dart (safe; 7% risk of failure)
Confirm with . or Enter, or press ? or * to list all spells.
Aiming: Magic Dart (safe; 7% risk of failure)
Press: ? - help, Shift-Dir - straight line, f/p - jackal
Aim: a jackal (moderately wounded, 100% to hit)
The magic dart hits the jackal.
You kill the jackal!
Unknown command.
You hit the ball python but do no damage.
The ball python bites you but does no damage.
The ball python barely misses you.
The ball python bites you but does no damage.
The ball python grabs you. The ball python constricts you.
* * * LOW HITPOINT WARNING * * *
The ball python's grasp on you weakens, but your attempt to escape fails.
The ball python bites you.
You die...

#.. .# ..#
.# ## ..#
##.#
#..##..##..#
..... ...#
#..##.#
#S...#
####S# #@#
#.### #...#
###.#
#.######..#.
#...<.......
#########...


You could see a ball python.

Vanquished Creatures
  A dart slug (D:1)
  3 bats (D:1)
  An endoplasm (D:1)
  A giant cockroach (D:1)
  A hobgoblin (D:1)
  3 jackals (D:2)
  2 quokkas (D:1)
  A ball python (D:1)
  A kobold (D:1)
  A rat (D:2)
15 creatures vanquished.

Notes
Turn   | Place    | Note
-------+----------+-------------------------------------------
     0 | D:1      | pokeman the Deep Elf Hedge Wizard began the quest for the
                  | Orb.
     0 | D:1      | Reached XP level 1. HP: 10/10 MP: 7/7
   373 | D:1      | Found Kofejuc's Weapon Shoppe.
   412 | D:1      | Reached XP level 2. HP: 16/16 MP: 5/9
  1450 | D:2      | Slain by a ball python

Illustrated notes

Levels and vault maps discovered:
D:1:      psy_arrival_fountain, layout_basic, serial_shops,
          nicolae_shop_behind_doors, minmay_pentomino_q4
D:2:      layout_rooms, serial_forest, infiniplex_forest_lined_room_2,
          infiniplex_forest_end_2, infiniplex_forest_join,
          infiniplex_forest_lined_room_2, palyth_stone_intersect,
          chequers_jeans, uniq_sigmund

Action                   || total
-------------------------++-------
Melee: Dagger            ||    12
 Cast: Magic Dart        ||    49
Armor: Robe              ||     6
Dodge: Dodged            ||    18

Table legend: (Time is in decaauts)
 A = Elapsed time spent in this place.
 B = Non-inter-level travel time spent in this place.
 C = Inter-level travel time spent in this place.
 D = Time resting spent in this place.
 E = Time spent auto-exploring this place.
 F = Levels seen in this place.
 G = Mean time per level.
                   A        B        C        D        E       F      G
               +--------+--------+--------+--------+--------+-----+--------+
         Total |   1449 |   1429 |     20 |      0 |   1308 |   2 |  724.5 |
       Dungeon |   1449 |   1429 |     20 |      0 |   1308 |   2 |  724.5 |
               +--------+--------+--------+--------+--------+-----+--------+

Top non-repeatable levels by time:
     D:1: 1405 daAuts
     D:2: 44 daAuts
